 Dungeon Crawl Stone Soup version 0.22.1-2-g9c5b331383 (webtiles) character file.

8 Ivernyr the Ducker (level 2, 11/11 HPs)
             Began as a Felid Air Elementalist on Nov 26, 2018.
             Quit the game on level 1 of the Dungeon.
             The game lasted 00:07:16 (541 turns).

Ivernyr the Ducker (Felid Air Elementalist)          Turns: 541, Time: 00:07:16

Health: 11/11      AC:  1    Str:  4    XL:     2   Next: 0%
Magic:  4/6        EV: 18    Int: 16    God:
Gold:   49         SH:  0    Dex: 16    Spells: 2/5 levels left
                                        Lives:  0   Deaths: 0

rFire    . . .     SeeInvis +   (weapon unavailable)
rCold    . . .     Gourm    .   (shield unavailable)
rNeg     . . .     Faith    .   (armour unavailable)
rPois    .         Spirit   .   (helmet unavailable)
rElec    .         Reflect  .   (cloak unavailable)
rCorr    .         Harm     .   (gloves unavailable)
MR       .....                  (boots unavailable)
Stlth    +++.......             (no amulet)
HPRegen  0.03/turn              (no ring)
MPRegen  0.10/turn              (no ring)

@: quick
A: very small, no armour, no weapons or thrown items, stealth, claws 1, fangs 3,
see invisible, carnivore, speed 1, shaggy fur 1, slow metabolism 1, sharp paws
a: no special abilities


You were on level 1 of the Dungeon.
You were completely stuffed.

You visited 1 branch of the dungeon, and saw 1 of its levels.

You collected 49 gold pieces.

Inventory:

Scrolls
 a - a scroll of identify {unknown}
 c - a scroll of fog {unknown}
 d - a scroll of teleportation {unknown}
 e - a scroll of remove curse {unknown}
Comestibles
 b - 3 rations


   Skills:
 + Level 2.9 Dodging
 - Level 2.6 Stealth
 + Level 2.1 Spellcasting
 + Level 1.1 Conjurations
 * Level 2.9 Air Magic


You had 2 spell levels left.
You knew the following spells:

 Your Spells              Type           Power        Failure   Level  Hunger
a - Shock                 Conj/Air       #...         9%          1    #......
b - Swiftness             Chrm/Air       #.......     17%         2    ###....

Your spell library contained the following spells:

 Spells                   Type           Power        Failure   Level  Hunger
 Static Discharge         Conj/Air       #.......     26%         3    ###....
 Airstrike                Air            ##........   52%         4    #####..
 Lightning Bolt           Conj/Air       #.........   94%         5    ######.


Dungeon Overview and Level Annotations

Branches:
Dungeon (1/15)

Altars:


Innate Abilities, Weirdness & Mutations

You cannot wear armour.
You are incapable of wielding weapons or throwing items.
Your paws allow you to move quietly. (Stealth)
You have sharp claws.
You have razor-sharp teeth.
You have supernaturally acute eyesight. (SInv)
You are carnivorous and can eat meat at any time.
You cover ground quickly.
You are covered in fur. (AC +1)
You have a slow metabolism.
Your sharp claws are effective at attacking unaware monsters.


Message History

b - 3 rations (gained 1) All of the chunks of flesh in your inventory have rotted away.
A hobgoblin comes into view.
The hobgoblin shouts!
Casting: Shock (safe; 9% risk of failure)
Confirm with . or Enter, or press ? or * to list all spells.
Aiming: Shock (safe; 9% risk of failure)
Press: ? - help, Shift-Dir - straight line, f - hobgoblin
Aim: a hobgoblin The zap hits the hobgoblin.
The hobgoblin is moderately wounded.
Casting: Shock (safe; 9% risk of failure)
Confirm with . or Enter, or press ? or * to list all spells.
Aiming: Shock (safe; 9% risk of failure)
Press: ? - help, Shift-Dir - straight line, f/p - hobgoblin
Aim: a hobgoblin (moderately wounded)
The zap hits the hobgoblin.
The hobgoblin is almost dead.
The zap misses the hobgoblin.
Are you sure you want to abandon this character and quit the game? (Confirm

#...# ### #...# #..
######...####.#
####.............#
#.................
#.##.............#
#.#######...####.#
#.# #...# #.. #@#
#...# ### #g# #...#
..# #...# .###
##.##### #.
#####......# .
#.......##.### ##
#.##..........
######.##..#.....##
............#...##


You could see a hobgoblin.

Vanquished Creatures
  A dart slug (D:1)
  A giant cockroach (D:1)
  A hobgoblin (D:1)
  3 bats (D:1)
6 creatures vanquished.

Notes
Turn   | Place    | Note
-------+----------+-------------------------------------------
     0 | D:1      | Ivernyr the Felid Air Elementalist began the quest for the
                  | Orb.
     0 | D:1      | Reached XP level 1. HP: 7/7 MP: 4/4
    76 | D:1      | Reached skill level 1 in Conjurations
   297 | D:1      | Reached XP level 2. HP: 11/11 MP: 3/6
   329 | D:1      | Learned a level 2 spell: Swiftness
   541 | D:1      | Quit the game

Skill      XL: |  1 |
---------------+----+-----
Conjurations   | 1 |  1.1
Dodging        | |  2.9
Stealth        | |  2.6
Spellcasting   | |  2.1
Air Magic      | |  2.9

Action                   || total
-------------------------++-------
Melee: Unarmed           ||     4
 Cast: Shock             ||    15
  Eat: Chunk             ||     7
Armor: Skin              ||     2
Dodge: Dodged            ||    13
